AoeStats
← Red Calypso

Arena

508783123Analyzed
4v4 RM · 8d ago on Sep 24, 2026· 40m 7s· 8 players
Game mode
Random Map
Map size
Large (8 player)
Population
200
Speed
Normal
Resources
Standard
Victory
Conquest
Starting age
Dark Age
Ending age
Imperial Age
RankedLock teamsTeams togetherTeam positionsShared explorationLock speedFull tech treeHidden civsTurbo modeCheats
Victory
Defeat
🇧🇷 Turks · Brazil
1482
+13
🇧🇷 Cumans · Brazil
1442
+15
🇧🇷 Persians · Brazil
1405
+16
1331
+19
🇳🇱 Franks · Netherlands
1426
-16
🇺🇸 Ethiopians · United States
1412
-16
🇦🇹 Britons · Austria
1409
-16
🇦🇷 Spanish · Argentina
1387
-15
Ice2207
10:08 Feudal Age
13:57 Castle Age
13:11 Double-Bit Axe
14:02 Horse Collar
15:22 Bow Saw
17:34 Scale Mail Armor
25:06 Loom
26:31 Fletching
28:05 Wheelbarrow
35:32 Crossbowman
37:07 Bodkin Arrow
37:32 Padded Archer Armor
38:43 Leather Archer Armor
39:20 Ballistics
Red Calypso
10:30 Feudal Age
11:36 Double-Bit Axe
11:43 Loom
14:21 Castle Age
20:19 Horse Collar
21:42 Bow Saw
24:15 Wheelbarrow
28:15 Heavy Plow
33:53 Imperial Age
31:51 Fletching
32:02 Padded Archer Armor
32:48 Bodkin Arrow
34:21 Fortified Wall
33:51 Crossbowman
35:05 Bracer
34:27 Arbalester
36:15 Chemistry
36:11 Town Watch
38:03 Two-Man Saw
37:38 Town Patrol
37:55 Hand Cart
38:18 Ballistics
40:11 Yeomen
40:11 Conscription
40:30 Hand Cart
40:48 Leather Archer Armor
BloodyCalyps
5:02 Loom
11:16 Feudal Age
13:23 Double-Bit Axe
16:06 Castle Age
17:19 Scale Barding Armor
36:07 Imperial Age
36:27 Husbandry
36:29 Cavalier
37:50 Forging
Lord_Wilfredo
10:57 Feudal Age
14:27 Castle Age
13:09 Double-Bit Axe
13:25 Horse Collar
15:34 Bow Saw
15:34 Heavy Plow
15:24 Loom
22:09 Gold Mining
22:09 Stone Mining
24:22 Wheelbarrow
23:52 Stone Mining
28:45 Imperial Age
27:15 Stone Shaft Mining
26:53 Scale Mail Armor
27:03 Forging
26:45 Fletching
26:55 Padded Archer Armor
27:04 Pikeman
27:31 Arson
28:05 Chain Mail Armor
29:02 Iron Casting
29:04 Squires
29:49 Conscription
29:00 Halberdier
30:59 Plate Mail Armor
30:10 Elite Skirmisher
31:17 Bloodlines
32:05 Ballistics
33:26 Two-Man Saw
32:31 Inquisition
32:46 Fletching
34:07 Husbandry
34:30 Inquisition
34:50 Padded Archer Armor
36:22 Chemistry
35:56 Leather Archer Armor
36:35 Fortified Wall
37:55 Ring Archer Armor
pIpOcAo
7:22 Loom
9:40 Feudal Age
10:30 Double-Bit Axe
26:16 Castle Age
24:55 Bloodlines
25:34 Wheelbarrow
25:16 Gold Mining
26:08 Scale Barding Armor
26:35 Horse Collar
27:28 Chain Barding Armor
31:14 Capped Ram
33:31 Heavy Plow
35:32 Fletching
38:50 Imperial Age
37:31 Hand Cart
37:41 Forging
39:31 Cavalier
40:47 Plate Barding Armor
xand3
4:52 Loom
10:43 Feudal Age
14:50 Castle Age
13:24 Double-Bit Axe
13:20 Horse Collar
20:41 Wheelbarrow
21:47 Bow Saw
21:52 Scale Barding Armor
22:57 Husbandry
23:11 Forging
30:34 Imperial Age
29:08 Chain Barding Armor
29:02 Town Watch
31:04 Bloodlines
30:41 Cavalier
31:58 Iron Casting
31:54 Heavy Plow
33:06 Plate Barding Armor
34:01 Two-Man Saw
36:07 Blast Furnace
38:01 Savar
39:10 Fletching
K-riok FAZZZZ ALDEAOOO
9:46 Feudal Age
10:02 Man-at-Arms
10:44 Double-Bit Axe
11:35 Long Swordsman
20:39 Scale Barding Armor
20:44 Forging
24:10 Castle Age
21:56 Horse Collar
24:17 Scale Mail Armor
24:24 Gold Mining
24:45 Pikeman
25:28 Halberdier
28:38 Two-Handed Swordsman
30:52 Gambesons
31:38 Champion
35:13 Heavy Plow
38:19 Chain Mail Armor
40:12 Bow Saw
40:39 Gold Shaft Mining
39:56 Stone Mining
40:42 Wheelbarrow
39:55 Town Watch
39:56 Loom
Ed_
10:31 Feudal Age
15:14 Castle Age
20:34 Imperial Age
18:19 Double-Bit Axe
18:39 Gold Mining
19:16 Padded Archer Armor
19:21 Loom
20:15 Bow Saw
33:10 Wheelbarrow
33:27 Leather Archer Armor
36:19 Town Watch
40:51 Hand Cart
Connection lost

Rejoining the realm…

Still unreachable

The connection could not be restored.

Session expired

The server has moved on; the page needs a fresh start.